 Dungeon Crawl Stone Soup version 0.22.0-38-g04b72b8 (webtiles) character file.

623 Lew the Shield-Bearer (level 7, -1/48 HPs)
             Began as a Gargoyle Fighter on Aug 27, 2018.
             Was an Initiate of Okawaru.
             Killed from afar by an orc wizard (4 damage)
             ... with a magic dart
             ... on level 5 of the Dungeon.
             The game lasted 00:07:47 (4354 turns).

Lew the Shield-Bearer (Gargoyle Fighter)            Turns: 4354, Time: 00:07:48

Health: -1/48      AC: 14    Str: 21    XL:     7   Next: 46%
Magic:  7/7        EV:  9    Int:  8    God:    Okawaru [......]
Gold:   153        SH:  9    Dex: 10    Spells: 6/6 levels left

rFire    + . .     SeeInvis .   a - +0 flail
rCold    . . .     Gourm    .   c - +0 shield
rNeg     + + .     Faith    .   b - +0 scale mail
rPois    ∞         Spirit   .   t - +0 helmet
rElec    +         Reflect  .   (no cloak)
rCorr    .         Harm     .   (no gloves)
MR       .....                  l - +0 pair of boots
Stlth    ..........             q - amulet of magic regeneration
HPRegen  0.16/turn              e - ring of positive energy
MPRegen  0.35/turn              m - ring of protection from fire

@: slowed, very slow
A: talons 1, negative energy resistance 1, robust 1, electricity resistance,
unbreathing, petrification resistance, rot immunity, AC +4
a: Renounce Religion


You were on level 5 of the Dungeon.
You worshipped Okawaru.
Okawaru was noncommittal.
You were hungry.

You visited 2 branches of the dungeon, and saw 6 of its levels.

You collected 153 gold pieces.

Inventory:

Hand Weapons
 a - a +0 flail (weapon)
Armour
 b - a +0 scale mail (worn)
 c - a +0 shield (worn)
 l - a +0 pair of boots (worn)
 t - a +0 helmet (worn)
Jewellery
 e - a ring of positive energy (left hand)
 m - a ring of protection from fire (right hand)
 q - an amulet of magic regeneration (around neck)
Wands
 k - a wand of enslavement (10)
Scrolls
 g - a scroll of remove curse
 n - 7 scrolls of identify
 r - a scroll of teleportation
Potions
 d - a potion of might
 h - a potion of curing
Comestibles
 f - 8 rations


   Skills:
 + Level 4.5 Fighting
 + Level 4.0 Maces & Flails
 + Level 4.5 Armour
 * Level 3.7 Dodging
 + Level 4.6 Shields


You had 6 spell levels left.
You didn't know any spells.
Your spell library was empty.

Dungeon Overview and Level Annotations

Branches:
Dungeon (5/15)             Temple (1/1) D:4

Altars:
Fedhas
Kikubaaqudgha
Nemelex Xobeh
Okawaru
Qazlal
Ru
Sif Muna
Uskayaw
Wu Jian
Xom


Innate Abilities, Weirdness & Mutations

You are resistant to torment.
Your stone body is resilient. (AC +4)
You are immune to poison.
You resist negative energy. (rN+)
You are resistant to electric shocks. (rElec)
You can survive without breathing.
You are immune to petrification.
You are immune to rotting.
You have sharp toenails.
You are robust. (+10% HP)


Message History

* * * LOW HITPOINT WARNING * * *
The orc wizard casts a spell.
The orc wizard seems to speed up.
The orc wizard gestures at you while chanting.
You resist with some effort.
The orc wizard points at you and mumbles some strange words.
The magic dart hits you!
* * * LOW HITPOINT WARNING * * *
The orc wizard casts a spell at you. The magic dart hits you!
The orc wizard points at you and mumbles some strange words.
The magic dart hits you!
The orc wizard points at you and mumbles some strange words.
The magic dart hits you!
The orc wizard points at you and mumbles some strange words.
The magic dart hits you!
* * * LOW HITPOINT WARNING * * *
The orc wizard gestures at you while chanting.
The magic dart hits you!
You die...

**,,** *,,,* **,,** #### *,,,*
###..#### *,,,*
##.......##**,,**
#####.........#*,,,*
##....(.<###...#*,,,* ****
##......@## **,..#*,,* *,,**
**#........## **,,#*,,* **,,*
*,...!o.....# *,,**,**
*,,****..........## *,,**,,*
*,,,* *#....>###.(####$..,,,*
**,,,***..?..#* ##o)......,,,*
*,,,,,,,.....,* ##)$...?.,,,*
<,,,,,,,..#.,,*** *.......,,,*
,,,,,,,*####*,,,***..(.##.,,,*


You could see 2 orc wizards.

Vanquished Creatures
  A necrophage (D:5)
  An ogre (D:4)
  A scorpion (D:4)
  A hound (D:4)
  A jelly (D:1)
  A bullfrog skeleton (D:5)
  An iguana (D:4)
  An orc wizard (D:4)
  Robin (D:4)
  11 adders
  2 oozes (D:1)
  An adder zombie (D:2)
  5 dart slugs
  A worm (D:2)
  A leopard gecko (D:1)
  11 orcs
  11 bats
  7 giant cockroaches
  15 goblins
  12 hobgoblins
  2 jackals (D:1)
  3 quokkas
  2 frilled lizards
  6 kobolds
  A leopard gecko skeleton (D:4)
  27 rats
  A bush (D:2)
  3 plants (D:2)
131 creatures vanquished.

Vanquished Creatures (others)
  A plant (D:2)
1 creature vanquished.

Grand Total: 132 creatures vanquished

Notes
Turn   | Place    | Note
-------+----------+-------------------------------------------
     0 | D:1      | Lew the Gargoyle Fighter began the quest for the Orb.
     0 | D:1      | Reached XP level 1. HP: 14/14 MP: 1/1
     1 | D:1      | Found a runed door.
    42 | D:1      | Reached XP level 2. HP: 19/19 MP: 2/2
    78 | D:1      | Reached skill level 1 in Dodging
   354 | D:1      | Reached XP level 3. HP: 20/23 MP: 3/3
   983 | D:1      | Reached XP level 4. HP: 21/28 MP: 4/4
  1160 | D:2      | Gained mutation: You have sharp toenails. [potion of mutation]
  1160 | D:2      | Gained mutation: You are robust. (+10% HP) [potion of mutation]
  1396 | D:2      | Reached XP level 5. HP: 36/36 MP: 5/5
  2701 | D:3      | Found a sparkling altar of Nemelex Xobeh.
  2806 | D:4      | Reached XP level 6. HP: 41/41 MP: 6/6
  2858 | D:4      | Noticed Robin
  3147 | D:4      | Killed Robin
  3359 | D:4      | Found a staircase to the Ecumenical Temple.
  3386 | Temple   | Entered the Ecumenical Temple
  3619 | Temple   | Became a worshipper of Warmaster Okawaru
  3791 | D:4      | Reached XP level 7. HP: 20/48 MP: 7/7
  4184 | D:5      | Entered Level 5 of the Dungeon
  4354 | D:5      | Killed from afar by an orc wizard

Skill      XL: |  1  2  3  4  5  6  7 |
---------------+----------------------+-----
Dodging        | 1 2 3 |  3.7
Maces & Flails | 3 4 |  4.0
Armour         | 4 |  4.5
Shields        | 4 |  4.6
Fighting       | 4 |  4.5

Action                   |  1- 3 |  4- 6 |  7- 9 || total
-------------------------+-------+-------+-------++-------
Melee: Flail             |   118 |   446 |    64 ||   628
       Kick              |       |    17 |       ||    17
  Use: Potion            |     1 |     1 |     6 ||     8
       Scroll            |       |     6 |     3 ||     9
  Eat: Chunk             |       |    10 |     2 ||    12
Armor: Scale mail        |    73 |   242 |    49 ||   364
       Skin              |       |       |     6 ||     6
Dodge: Dodged            |    39 |   151 |    45 ||   235
Block: Shield            |    84 |   222 |    68 ||   374
